 Dungeon Crawl Stone Soup version 0.23.2-1-ga50397a (webtiles) character file.

Game seed: 7385004971502662148

384 myga the Ruffian (level 6, -2/47 HPs)
             Began as a Draconian Transmuter on May 16, 2019.
             Was an Initiate of Elyvilon.
             Killed by divine providence
             ... invoked by an orc priest
              (12 damage)
             ... on level 4 of the Dungeon on May 17, 2019.
             The game lasted 00:21:05 (5249 turns).

myga the Ruffian (Draconian Transmuter)             Turns: 5249, Time: 00:21:06

Health: -2/47      AC:  6    Str: 13    XL:     6   Next: 47%
Magic:  9/10       EV: 14    Int: 14    God:    Elyvilon [......]
Gold:   246        SH:  0    Dex: 12    Spells: 1/11 levels left

rFire    + . .     SeeInvis .     - Unarmed
rCold    + . .     Gourm    .   (no shield)
rNeg     . . .     Faith    .   (armour unavailable)
rPois    .         Spirit   .   (helmet restricted)
rElec    .         Reflect  .   i - scarf {rC+ rF+}
rCorr    .         Harm     .   (no gloves)
MR       .....                  (no boots)
Stlth    ++........             s - amulet of magic regeneration
HPRegen  0.15/turn              f - +2 ring of evasion
MPRegen  0.37/turn              (no ring)

@: appendage (expiring)
A: unfitting armour, horns 2, cold-blooded, AC +6
a: End Transformation, Renounce Religion


You were on level 4 of the Dungeon.
You worshipped Elyvilon.
Elyvilon was noncommittal.
You were hungry.
You had grown temporary horns.
You visited 2 branches of the dungeon, and saw 5 of its levels.

You collected 246 gold pieces.

Inventory:

Missiles
 a - 65 arrows
 d - 149 stones (quivered)
Armour
 i - a scarf of resistance (worn)
Jewellery
 f - a +2 ring of evasion (left hand)
 s - an amulet of magic regeneration (around neck)
Wands
 e - a wand of flame (4)
 h - a wand of disintegration (18)
 k - a wand of digging (4)
 u - a wand of paralysis (3)
Scrolls
 l - 3 scrolls of remove curse
 m - a scroll of fear {unknown}
 n - 2 scrolls of teleportation
 p - 2 scrolls of fog {unknown}
 r - 3 scrolls of blinking {unknown}
 t - a scroll of enchant armour {unknown}
Potions
 b - a potion of lignification {unknown}
 g - 2 potions of cancellation {unknown}
 j - 2 potions of agility {unknown}
 o - a potion of might
 q - 3 potions of curing
 v - 2 potions of heal wounds
Comestibles
 c - 6 rations


   Skills:
 + Level 1.5 Fighting
 + Level 0.4 Throwing
 + Level 2.3 Dodging
 + Level 1.0 Stealth
 + Level 5.6 Unarmed Combat
 + Level 3.3 Spellcasting
 + Level 3.0 Transmutations


You had one spell level left.
You knew the following spells:

 Your Spells              Type           Power        Failure   Level  Hunger
a - Beastly Appendage     Tmut           ##....       6%          1    #......
b - Sticks to Snakes      Tmut           ##......     9%          2    ##.....
c - Spider Form           Tmut/Pois      #.........   32%         3    ###....
d - Ice Form              Ice/Tmut       #.......     73%         4    #####..

Your spell library contained the following spells:

 Spells                   Type           Power        Failure   Level  Hunger
 Corona                   Hex            #......      22%         1    #......
 Ensorcelled Hibernation  Hex/Ice        #.....       32%         2    ##.....
 Confuse                  Hex            #.......     54%         3    ###....
 Dazzling Spray           Conj/Hex       #.....       54%         3    ###....
 Tukima's Dance           Hex            #.......     54%         3    ###....
 Blade Hands              Tmut           ##........   86%         5    ######.


Dungeon Overview and Level Annotations

Branches:
Dungeon (4/15)             Temple (1/1) D:4

Altars:
Ashenzari
Cheibriados
Dithmenos
Elyvilon
Fedhas
Gozag
Hepliaklqana
Kikubaaqudgha
Nemelex Xobeh
Okawaru
Qazlal
Ru
Sif Muna
Trog
Uskayaw
Vehumet
Wu Jian
Xom
Yredelemnul
Zin
The Shining One


Innate Abilities, Weirdness & Mutations

Your plain brown scales are hard. (AC +6)
You cannot fit into any form of body armour.
You are cold-blooded and may be slowed by cold attacks.
You have a pair of horns on your head.


Message History

You barely miss the orc priest. Your headbutt misses the orc priest.
An orc comes into view. It is wielding a +0 dagger.
The orc priest hits you.
You closely miss the orc priest. Your headbutt misses the orc priest.
The orc priest invokes the aid of Beogh against you.
Beogh smites you!
Unknown command.
You hit the orc priest but do no damage.
The orc priest hits you but does no damage.
You hit the orc priest.
The orc priest is moderately wounded.
You barely miss the orc priest.
The orc priest is moderately wounded.
The orc priest invokes the aid of Beogh against you.
Pain shoots through your body!
* * * LOW HITPOINT WARNING * * *
You swap places.
Your adder bites the orc priest.
The orc priest invokes the aid of Beogh against you.
Beogh smites you!
You die...

.## ...#
.. #..###
###...#
#..###ooo#
##..SSS#
##....@##
#.....##
#.....#
#..>.##
########
#....#
.......#
##...#
.......##
#..##
........##
##.#
.........#
#.##


You could see an orc priest, an orc, 2 friendly adders and a friendly ball
python.

Vanquished Creatures
  A hound (D:4)
  2 orc wizards (D:4)
  3 worker ants
  Robin (D:2)
  8 adders
  2 oozes
  An adder skeleton (D:4)
  3 worms (D:2)
  2 dart slugs
  3 leopard geckos
  10 orcs
  A ball python (D:3)
  3 giant cockroaches
  19 goblins
  14 hobgoblins
  7 jackals (D:3)
  A quokka (D:3)
  5 bats
  9 frilled lizards
  2 rats
97 creatures vanquished.

Vanquished Creatures (collateral kills)
  A worker ant (D:4)
1 creature vanquished.

Grand Total: 98 creatures vanquished

Notes
Turn   | Place    | Note
-------+----------+-------------------------------------------
     0 | D:1      | myga the Draconian Transmuter began the quest for the Orb.
     0 | D:1      | Reached XP level 1. HP: 16/16 MP: 3/3
   142 | D:1      | Reached XP level 2. HP: 23/23 MP: 5/5
   389 | D:1      | Learned a level 2 spell: Sticks to Snakes
   694 | D:1      | Reached XP level 3. HP: 28/28 MP: 6/6
   861 | D:2      | Learned a level 3 spell: Spider Form
   896 | D:2      | Reached skill level 4 in Unarmed Combat
  1397 | D:2      | Reached XP level 4. HP: 32/35 MP: 5/7
  1873 | D:2      | Found a faded altar of an unknown god.
  2003 | D:2      | Reached XP level 5. HP: 39/40 MP: 6/8
  2132 | D:2      | Noticed Robin
  2139 | D:2      | Killed Robin
  2827 | D:3      | Reached skill level 5 in Unarmed Combat
  4041 | D:4      | Paralysed by an orc wizard for 2 turns
  4044 | D:4      | Reached XP level 6. HP: 28/47 MP: 6/10
  4049 | D:4      | Paralysed by an orc wizard for 2 turns
  4052 | D:4      | Reached skill level 1 in Stealth
  4241 | D:4      | Learned a level 4 spell: Ice Form
  4332 | D:4      | Found a staircase to the Ecumenical Temple.
  4337 | Temple   | Entered the Ecumenical Temple
  4436 | Temple   | Became a worshipper of Elyvilon the Healer
  5249 | D:4      | Killed from afar by an orc priest

Skill      XL: |  1  2  3  4  5  6 |
---------------+-------------------+-----
Dodging        | 2 |  2.3
Unarmed Combat | 4 5 |  5.6
Stealth        | 1 |  1.0
Spellcasting   | 3 |  3.3
Transmutations | 3 |  3.0
Fighting       | |  1.5
Throwing       | |  0.4

Action                   |  1- 3 |  4- 6 || total
-------------------------+-------+-------++-------
Melee: Unarmed           |   125 |   207 ||   332
       Tailslap          |    12 |    31 ||    43
       Kick              |     5 |    13 ||    18
       Headbutt          |     7 |    13 ||    20
       Punch             |       |     4 ||     4
Throw: Stone             |    23 |     2 ||    25
 Cast: Beastly Appendage |    16 |    19 ||    35
       Sticks to Snakes  |       |     6 ||     6
       Spider Form       |       |     1 ||     1
  Use: Potion            |     1 |     1 ||     2
       Scroll            |       |     4 ||     4
  Eat: Chunk             |     2 |    12 ||    14
Armor: Skin              |    26 |    47 ||    73
Dodge: Dodged            |    53 |    92 ||   145
Block: Shield            |       |     3 ||     3
